cohdb
Replays
Latest Replays
All Replays
Popular Replays
Top Player Replays
Match Explorer
How It Works
Community
CoH3 Stats
Reddit
Sign in to upload your games and track your stats! →
Sign in with Steam
4vs4 up ladder tough match
Match 43774339
Overview
Messages
Build Orders
End
Panzerpioneer Squad
Selects Panzerjäger Kommand Battlegroup
250 Light Carrier
Kradschützen Motorcycle Team
Construct Light Support Kompanie
Assault Grenadier Squad
Combat Half-tracks
Construct Mechanized Kompanie
254 Reconnaissance Tractor
8 Rad Armored Car
Panzerjäger Mechanized Group
Selects Tank Busters
Vehicle Survival Package
Support Armor Elements
StuG III D Assault Gun
Emergency Repair Kits
StuG III D Assault Gun
Selects Crew Shock Tactics
Panzerjäger Mechanized Group
2.5-tonne Medical Truck
Marder III Tank Destroyer
Rapid Advance
Crew Shock Tactics
Selects Anti-tank Overwatch
Selects Mine Fields
Advanced Optics
Construct Panzerarmee Kommand
Tungsten Core Ammunition
Panzerjäger Mechanized Group
Walking Stuka Rocket Launcher
Selects Defensive Positions
Selects Butterfly Bomb Drop
WilllTHENOOBz
【POW】游骑
我真的不是驴
mentoss
Arnie
Kitty
qazxsw
1234
0
0
Comments
sign in to comment!
No comments posted yet!